 Dungeon Crawl Stone Soup version 0.31.0-32-g396128a36d (webtiles) character file.

Game seed: 206003806447832719

51 James the Shooter (level 3, -4/29 HPs)
             Began as a Draconian Hunter on Mar 16, 2024.
             Slain by an iguana (11 damage)
             ... on level 4 of the Dungeon.
             The game lasted 00:02:56 (1142 turns).

James the Shooter (Draconian Hunter)                Turns: 1142, Time: 00:02:57

Health: -4/29      AC:  7    Str: 13    XL:     3   Next: 58%
Magic:  3/3        EV: 12    Int:  9    God:
Gold:   92         SH:  0    Dex: 16    Spells: 2/2 levels left

rFire   + + .        a - +0 shortbow
rCold   . . .        (shield currently unavailable)
rNeg    . . .        (body armour unavailable)
rPois   .            (helmet restricted)
rElec   .            (no cloak)
rCorr   .            (no gloves)
SInv    .            e - +1 pair of boots of Dishonour {rF+ Will+ Stlth+}
Will    +....        (no amulet)
Stlth   +++          i - ring of protection from fire
HPRegen 0.24/turn    (no ring)
MPRegen 0.08/turn

%: no passive effects
@: no status effects
A: AC +5, unfitting armour, cold-blooded
a: no special abilities


You were on level 4 of the Dungeon.
You visited 1 branch of the dungeon, and saw 3 of its levels.

You collected 92 gold pieces.

Inventory:

Hand Weapons
 a - a +0 shortbow (weapon)
 c - a +0 dagger
   (You took it off a goblin on level 1 of the Dungeon)
Armour
 e - the +1 pair of boots of Dishonour (worn) {rF+ Will+ Stlth+}
   (You found it on level 2 of the Dungeon)

   rF+:       It protects you from fire.
   Will+:     It increases your willpower.
   Stlth+:    It makes you more stealthy.
Magical Staves
 g - a staff of death
   (You found it on level 1 of the Dungeon)
Jewellery
 i - a ring of protection from fire (left hand)
   (You found it on level 1 of the Dungeon)
Scrolls
 b - a scroll of butterflies
 d - a scroll of immolation {unknown}
 f - a scroll of teleportation {unknown}
 h - a scroll of identify {unknown}
 j - 2 scrolls of brand weapon {unknown}
Potions
 k - 2 potions of mutation {unknown}


   Skills:
 - Level 2.1 Fighting
 + Level 4.9 Ranged Weapons
 - Level 1.7 Dodging
 - Level 0.8 Stealth


You had 2 spell levels left.
You didn't know any spells.
Your spell library was empty.

Dungeon Overview and Level Annotations

Branches:
Dungeon (2/15)

Altars:

Shops:
D:1 (


Innate Abilities, Weirdness & Mutations

Your plain brown scales are hard. (AC +5)
You cannot fit into any form of body armour.
You are cold-blooded and may be slowed by cold attacks.


Message History

You shoot an arrow. The arrow hits the iguana!
The iguana hisses angrily.
You shoot an arrow. The arrow closely misses the iguana.
You shoot an arrow. The arrow hits the iguana!
You shoot an arrow.
The arrow hits the iguana but does no damage.
You shoot an arrow.
The arrow hits the iguana but does no damage.
You shoot an arrow. The arrow hits the iguana.
The iguana bites you! The iguana closely misses you.
You shoot an arrow. The arrow closely misses the iguana.
The iguana closely misses you.
You shoot an arrow.
The arrow hits the iguana but does no damage.
The iguana barely misses you.
You shoot an arrow.
The arrow hits the iguana but does no damage.
The iguana bites you!
* * * LOW HITPOINT WARNING * * *
You are too injured to fight recklessly!
Fire: a) +0 shortbow
Press: ? - help, Q - select action Shift-Dir - straight line, f/p - iguana
Aim: an iguana (almost dead, 66% to hit)
You shoot an arrow.
The arrow hits the iguana but does no damage.
The iguana barely misses you.
Fire: a) +0 shortbow
Press: ? - help, Q - select action Shift-Dir - straight line, f/p - iguana
Aim: an iguana (almost dead, 66% to hit)
You shoot an arrow.
The arrow hits the iguana but does no damage.
The iguana closely misses you.
Fire: a) +0 shortbow
Press: ? - help, Q - select action Shift-Dir - straight line, f/p - iguana
Aim: an iguana (almost dead, 66% to hit)
You shoot an arrow.
The arrow hits the iguana but does no damage.
The iguana bites you!
* * * LOW HITPOINT WARNING * * *
Fire: a) +0 shortbow
Press: ? - help, Q - select action Shift-Dir - straight line, f/p - iguana
Aim: an iguana (almost dead, 66% to hit)
You shoot an arrow. The arrow closely misses the iguana.
The iguana bites you but does no damage.
Fire: a) +0 shortbow
Press: ? - help, Q - select action Shift-Dir - straight line, f/p - iguana
Aim: an iguana (almost dead, 66% to hit)
You shoot an arrow. The arrow barely misses the iguana.
The iguana bites you!
You die...

.# .# . ### ..#. #..
... #.#..#
#.###.#..####
#.....l...>.. #@# #.#
##+## #.# ##...## #.##
##.....## #..##
##.......##
#####...####.........#
............'.........+
#############.........#
##.......##


You could see an iguana.

Vanquished Creatures
  2 adders (D:2)
  2 dart slugs (D:1)
  A ball python (D:2)
  2 endoplasms
  2 giant cockroaches (D:1)
  3 goblins
  2 hobgoblins
  2 quokkas
  2 bats
  3 frilled lizards (D:1)
  4 kobolds
  4 rats
29 creatures vanquished.

Notes
Turn   | Place    | Note
-------+----------+-------------------------------------------
     0 | D:1      | James the Draconian Hunter began the quest for the Orb.
     0 | D:1      | Reached XP level 1. HP: 17/17 MP: 1/1
   155 | D:1      | Reached skill level 4 in Ranged Weapons
   161 | D:1      | Reached XP level 2. HP: 24/24 MP: 2/2
   333 | D:1      | Found Conococ's Weapon Emporium.
   935 | D:2      | Found a faded altar of an unknown god.
   994 | D:2      | Reached XP level 3. HP: 15/29 MP: 3/3
  1100 | D:2      | Identified the +1 pair of boots of Dishonour {rF+ Will+
                  | Stlth+}
  1109 | D:2      | You fall into a shaft and drop 2 floors!
  1142 | D:4      | Slain by an iguana

Illustrated notes

Levels and vault maps discovered:
D:1:      lemuel_arrival_muddy, layout_loops_ring, serial_shops, shop,
          minmay_liquid_box, minmay_octomino_c4
D:2:      layout_loops_ring, serial_glass, glass_columns_c, glass_columns_a,
          ebering_ecumenical_altar_petrified
D:4:      layout_loops_corners, mainiacjoe_overflow_concentric_impassable,
          tso_oasis_becter, minmay_temple_entry_poolview,
          gammafunk_ghost_nasty_kobolds

Skill      XL: |  1 |
---------------+----+-----
Ranged Weapons | 4 |  4.9
Fighting       | |  2.1
Dodging        | |  1.7
Stealth        | |  0.8

Action                     || total
---------------------------++-------
   Fire: Shortbow          ||   110
    Use: Potion            ||     1
 Armour: Skin              ||    30
  Dodge: Dodged            ||    39
